 Dungeon Sprint DCSS version 0.29-a0-222-g5b244fca1f (webtiles) character file.

Game seed: 9278248457223879784

359 mhtbhm the Basher (level 6, -6/46 HPs)
             Began as a Gargoyle Berserker on Feb 27, 2022.
             Was an Elder of Trog.
             Mangled by a human
             ... wielding a +0 spear
              (11 damage)
             ... in the Dungeon (Sprint III: "The Ten Rune Challenge").
             The game lasted 00:01:13 (770 turns).

mhtbhm the Basher (Gargoyle Berserker)               Turns: 770, Time: 00:01:14

Health: -6/46      AC:  8    Str: 25    XL:     6   Next: 65%
Magic:  6/6        EV: 13    Int:  9    God:    Trog [****..]
Gold:   25         SH:  0    Dex:  9    Spells: 5/5 levels left

rFire   . . .      SeeInvis .   a - +0 mace
rCold   . . .      Faith    .   (no shield)
rNeg    + . .      Spirit   .   b - +0 robe
rPois   ∞          Reflect  .   (no helmet)
rElec   +          Harm     .   (no cloak)
rCorr   .          Rampage  .   (no gloves)
Will    .....      NoTele   +   (no boots)
Stlth   +.........              (no amulet)
HPRegen 0.15/turn               (no ring)
MPRegen 0.10/turn               (no ring)

@: on berserk cooldown, slowed, very slow
A: sickness immunity, AC +4, negative energy resistance 1, electricity
resistance, torment resistance 1, petrification resistance, iridescent scales 1,
clever 1, strong 1
a: Renounce Religion, Berserk, Trog's Hand, Brothers in Arms


You were in the Dungeon.
You worshipped Trog.
Trog was greatly pleased with you.
You visited 1 branch You collected 25 gold pieces.

Inventory:

Hand Weapons
 a - a +0 mace (weapon)
Armour
 b - a +0 robe (worn)
Wands
 o - a wand of flame (28)
Scrolls
 h - a scroll of blinking
 i - a scroll of torment {unknown}
 j - 3 scrolls of identify
 l - a scroll of holy word {unknown}
Potions
 c - 2 potions of curing
 d - 2 potions of heal wounds
 e - a potion of haste
 f - 2 potions of magic
 g - a potion of berserk rage
 k - 2 potions of flight
 m - a potion of brilliance {unknown}
 n - 3 potions of mutation


   Skills:
 + Level 9.3 Fighting
 + Level 9.5 Maces & Flails
 + Level 4.5 Armour
 + Level 4.7 Dodging
 + Level 1.1 Stealth


You had 5 spell levels left.
You didn't know any spells.
Your spell library was empty.

Dungeon Overview and Level Annotations

Branches:
Dungeon (1/1)

Altars:
Dithmenos
Kikubaaqudgha
Okawaru
Ru
Sif Muna
Trog
Uskayaw
Vehumet
Wu Jian
Yredelemnul
Beogh


Innate Abilities, Weirdness & Mutations

You are immune to sickness and miasma.
Your stone body is resilient. (AC +4)
You are immune to poison.
You resist negative energy. (rN+)
You are resistant to electric shocks. (rElec)
You are resistant to unholy torment.
You are immune to petrification.
You are partially covered in iridescent scales. (AC +2)
Your mind is acute. (Int +2)
Your muscles are strong. (Str +2)


Message History

The human misses you.
You barely miss the human.
The human is severely wounded.
The human barely misses you.
You bludgeon the human!!
You kill the human!
Trog accepts your kill.
The human hits you from afar with a +0 spear.
You feel your dexterity returning.
Your Fighting skill increases to level 9!
Your Maces & Flails skill increases to level 9!
Your Stealth skill increases to level 1!
Unknown command.
The human hits you but does no damage.
You closely miss the human. The human hits you but does no damage.
You hit the human.
The human is lightly wounded.
The human hits you with a +0 spear!
You hit the human.
The human is moderately wounded.
The human hits you with a +0 spear!
You barely miss the human.
The human is moderately wounded.
The human completely misses you.
You closely miss the human.
The human is moderately wounded.
The human hits you with a +0 spear!
You thump the human!
The human is heavily wounded.
The human barely misses you.
You sock the human!
The human is almost dead.
You are no longer berserk.
You are exhausted.
You feel yourself slow down. The human hits you with a +0 spear!
* * * LOW HITPOINT WARNING * * *
You barely miss the human.
The human is almost dead.
The human hits you with a +0 spear!
You die...

▓▓ ▓▓▓ .♣♣♣♣ ♣.#
######## ....♣ ♣.#
#___#__# ..♣.♣ ♣.#
#__ #._#
..≈.♣♣♣♣.###+#'###)##
.≈≈♣.♣♣..#.....p@[..#
≈≈≈≈..♣♣.'.⌠.....†..#
≈≈≈≈≈≈...#...######+#
≈≈≈≈≈....#.).#
≈≈≈≈.....#...#
≈≈.......#'###
.........#.):#
.........#___#
▓▓▓▓▓▓▓▓▓▓▓▓▓▓


You could see a human (berserk).

Vanquished Creatures
  A necrophage (D)
  A water elemental (D)
  A wizard (D)
  A necromancer (D)
  A kobold demonologist (D)
  2 humans (D)
  A phantom (D)
  4 rats (D)
12 creatures vanquished.

Notes
Turn   | Place    | Note
-------+----------+-------------------------------------------
     0 | D        | mhtbhm the Gargoyle Berserker began the quest for the Orb.
     0 | D        | Reached XP level 1. HP: 14/14 MP: 1/1
   201 | D        | Reached ** piety under Trog
   239 | D        | Reached XP level 2. HP: 20/20 MP: 2/2
   318 | D        | Reached XP level 3. HP: 7/25 MP: 3/3
   339 | D        | Gained mutation: Your mind is acute. (Int +2) [potion of
                  | mutation]
   339 | D        | Gained mutation: Your muscles are strong. (Str +2) [potion
                  | of mutation]
   339 | D        | Gained mutation: You are partially covered in iridescent
                  | scales. (AC +2) [potion of mutation]
   561 | D        | Noticed a water elemental
   567 | D        | Killed a water elemental
   568 | D        | Reached skill level 5 in Maces & Flails
   568 | D        | Reached XP level 4. HP: 32/32 MP: 4/4
   605 | D        | Found a basalt altar of Yredelemnul.
   605 | D        | Found a shadowy altar of Dithmenos.
   605 | D        | Found a sacrificial altar of Ru.
   605 | D        | Noticed a necrophage
   609 | D        | Killed a necrophage
   609 | D        | Reached *** piety under Trog
   610 | D        | Reached XP level 5. HP: 38/38 MP: 5/5
   662 | D        | Found a radiant altar of Vehumet.
   662 | D        | Found a shimmering blue altar of Sif Muna.
   662 | D        | Found an ancient bone altar of Kikubaaqudgha.
   666 | D        | Reached **** piety under Trog
   684 | D        | Reached XP level 6. HP: 37/45 MP: 6/6
   751 | D        | Found a hide-covered altar of Uskayaw.
   751 | D        | Found an iron altar of Okawaru.
   751 | D        | Found a bloodstained altar of Trog.
   751 | D        | Found an ornate altar of the Wu Jian Council.
   751 | D        | Noticed a human
   754 | D        | Noticed a human
   761 | D        | Killed a human
   762 | D        | Reached skill level 1 in Stealth
   770 | D        | Mangled by a human

Illustrated notes

Levels and vault maps discovered:
D:        dungeon_sprint_mu [sprint_mu_entry_forest, sprint_mu_temple_rooms,
          sprint_mu_d1_horrors, sprint_mu_d2_genie, sprint_mu_d3_branching,
          sprint_mu_orc_legion, sprint_mu_elf_gauntlet, sprint_mu_hive_nellie,
          sprint_mu_lair_fedhas, sprint_mu_vaults_butterflies,
          sprint_mu_slime_circle, sprint_mu_swamp_cave, sprint_mu_shoals_archi,
          sprint_mu_blade_basic, sprint_mu_crypt_lich, sprint_mu_tomb_spiral,
          sprint_mu_vestibule_basic, sprint_mu_gehenna_hellfire,
          sprint_mu_dis_giant, sprint_mu_tartarus_statrot,
          sprint_mu_cocytus_islands, sprint_mu_zot1]

Skill      XL: |  1  2  3  4  5  6 |
---------------+-------------------+-----
Fighting       | 4 6 7 8 9 |  9.3
Maces & Flails | 4 5 7 8 9 |  9.5
Armour         | 3 4 |  4.5
Dodging        | 2 3 4 |  4.7
Stealth        | 1 |  1.1

Action                   |  1- 3 |  4- 6 || total
-------------------------+-------+-------++-------
Melee: Mace              |    28 |    39 ||    67
       Punch             |     1 |       ||     1
Invok: Berserk           |     3 |     1 ||     4
  Use: Potion            |     1 |       ||     1
Armor: Animal skin       |    10 |     3 ||    13
       Robe              |       |    14 ||    14
Dodge: Dodged            |    10 |    26 ||    36

Table legend: (Time is in decaauts)
 A = Elapsed time spent in this place.
 B = Non-inter-level travel time spent in this place.
 C = Inter-level travel time spent in this place.
 D = Time resting spent in this place.
 E = Time spent auto-exploring this place.
 F = Levels seen in this place.
 G = Mean time per level.
                   A        B        C        D        E       F      G
               +--------+--------+--------+--------+--------+-----+--------+
         Total |    797 |    797 |      0 |    560 |      1 |   1 |  797.0 |
       Dungeon |    797 |    797 |      0 |    560 |      1 |   1 |  797.0 |
               +--------+--------+--------+--------+--------+-----+--------+

Top non-repeatable levels by time:
       D: 797 daAuts
